 Dungeon Crawl Stone Soup version 0.31-a0-846-gb3bcc0d938 (webtiles) character file.

Game seed: 878828276874494533

5994 Flugkiller the Cleaver (level 11, -16/89 HPs)
             Began as a Formicid Fighter on Oct 3, 2023.
             Was a Believer of Okawaru.
             Engulfed by a deep elf pyromancer's flame (21 damage)
             ... on level 8 of the Dungeon.
             The game lasted 00:07:16 (6768 turns).

Flugkiller the Cleaver (Formicid Fighter)           Turns: 6768, Time: 00:07:17

Health: -16/89     AC: 13    Str: 31    XL:     11   Next: 10%
Magic:  14/14      EV: 11    Int:  8    God:    Okawaru [**....]
Gold:   430        SH:  6    Dex: 13    Spells: 10/10 levels left

rFire   . . .        u - +0 broad axe
rCold   . . .        c - +0 buckler
rNeg    . . .        y - +0 chain mail
rPois   .            (helmet unavailable)
rElec   .            (no cloak)
rCorr   .            (no gloves)
SInv    +            (no boots)
Will    +....        A - amulet of regeneration Stlth
                     o - +6 ring of strength
HPRegen 1.14/turn    (no ring)
MPRegen 0.14/turn

%: no passive effects
@: heroic
A: permanent stasis, dig shafts and tunnels, antennae 3, four strong arms
a: Dig, Shaft Self, Renounce Religion, Heroism


You were on level 8 of the Dungeon.
You worshipped Okawaru.
Okawaru was pleased with you.
You visited 2 branches of the dungeon, and saw 9 of its levels.
You also visited: Bailey.

You collected 655 gold pieces.
You spent 225 gold pieces at shops.

Inventory:

Hand Weapons
 u - a +0 broad axe (weapon)
   (You found it on level 4 of the Dungeon)
Missiles
 a - 11 curare-tipped darts
 B - a throwing net
Armour
 c - a +0 buckler (worn)
 y - a +0 chain mail (worn)
   (You found it on level 5 of the Dungeon)
Jewellery
 o - a +6 ring of strength (left hand)
   (You found it on level 3 of the Dungeon)
 A - an amulet of regeneration (around neck)
   (You found it on level 6 of the Dungeon)
Wands
 i - a wand of flame (52)
   (You found it on level 2 of the Dungeon)
 x - a wand of polymorph (5)
   (You found it on level 2 of the Dungeon)
Scrolls
 e - a scroll of fear {unknown}
 k - 2 scrolls of poison
 m - a scroll of immolation
 n - a scroll of enchant weapon
 t - a scroll of fog {unknown}
 v - 2 scrolls of revelation
Potions
 b - a potion of invisibility
 d - 2 potions of might
 f - a potion of cancellation
 g - a potion of ambrosia {unknown}
 j - 2 potions of attraction
 l - a potion of enlightenment
 p - a potion of mutation {unknown}
 q - 2 potions of curing
 s - 2 potions of brilliance
 w - 3 potions of heal wounds
Miscellaneous
 h - a tin of tremorstones (2/2)
   (You found it in a bailey)


   Skills:
 + Level 9.1(14.1) Fighting
 * Level 11.1(16.1) Axes
 + Level 9.1(14.1) Armour
 - Level 4.0(9.0) Shields
 + Level 5.2 Invocations


You had 10 spell levels left.
You didn't know any spells.
Your spell library contained the following spells:

 Spells                   Type           Power      Damage    Failure   Level
 Apportation              Tloc           0%         N/A       80%         1
 Magic Dart               Conj           0%         1d3       80%         1
 Jinxbite                 Hex            0%         N/A       90%         2
 Lesser Beckoning         Tloc           0%         N/A       90%         2
 Mephitic Cloud           Conj/Pois/Air  0%         N/A       99%         3
 Stone Arrow              Conj/Erth      0%         3d7       99%         3
 Alistair's Intoxication  Tmut/Pois      0%         N/A       100%        5
 Borgnjor's Revivificati  Necr           0%         N/A       100%        8
 Lehudib's Crystal Spear  Conj/Erth      0%         10d2      100%        8
 Death's Door             Necr           0%         N/A       100%        9
 Call Imp                 Summ           Unusable   N/A       N/A         2
 Animate Armour           Summ/Erth      Unusable   N/A       N/A         4
 Haunt                    Necr/Summ      Unusable   N/A       N/A         7

Dungeon Overview and Level Annotations

Branches:
Dungeon (8/15) Zot: 26372  Temple (1/1) D:7 Zot: 5957  Bailey (visited)
   Lair: D:8-11

Altars:
Ashenzari
Dithmenos
Elyvilon
Gozag
Hepliaklqana
Kikubaaqudgha
Makhleb
Nemelex Xobeh
Okawaru
Qazlal
Sif Muna
Trog
Uskayaw
Vehumet
Xom
Yredelemnul
Zin
The Shining One

Shops:
D:6 !=:?

Annotations:
D:8 1 exclusion


Innate Abilities, Weirdness & Mutations

You cannot be hasted, slowed, berserked, paralysed or teleported.
You can dig through walls and to a lower floor.
You have a pair of large antennae on your head. (SInv)
Your four strong arms can wield two-handed weapons with a shield.


Message History

You enter the shallow water.
Moving in this stuff is going to be slow.
You see here an electric eel corpse.
You now have 430 gold pieces (gained 13).
Search for what [Enter for "."]? plate Can't find anything matching that.
Unknown command.
Unknown command.
You see here a manticore skeleton.
You hit the plant.
The plant begins to die.
The plant is lightly damaged.
You start resting.
A nearby plant withers and dies.
Okay, then.
Search for what [Enter for "plate", or ? for help]? aux Search for what [Enter for "aux", or ? for help]? armor
Okay, then.
Found a book of Beasts.
You see here a staff of poison.
You sense a monster nearby.
A deep elf pyromancer and a basilisk come into view.
The deep elf pyromancer shouts!
The basilisk hisses angrily.
The basilisk gazes at you.
You are slowing down.
The deep elf pyromancer casts a spell at you.
The sticky flame hits you but does no damage.
You are covered in liquid flames!
You are covered in liquid flames!
Your limbs are stiffening.
Unknown command.
Okay, then.
Okay, then.
Unknown command.
You gain the combat prowess of a mighty hero.
You are covered in liquid flames!
You are no longer on fire.
The basilisk bites you!
You have turned to stone.
The basilisk bites you.
The deep elf pyromancer mumbles some strange words.
The basilisk bites you! The basilisk gazes at you.
You easily resist.
The basilisk gazes at you.
You easily resist.
The basilisk bites you but does no damage.
The basilisk gazes at you.
You easily resist.
The deep elf pyromancer casts a spell.
The deep elf pyromancer blinks!
The basilisk gazes at you.
You easily resist.
The basilisk gazes at you.
You easily resist.
You turn to flesh and can move again.
You slash the basilisk!
The basilisk is heavily wounded.
The basilisk bites you.
You slice the basilisk!!
You kill the basilisk!
Okawaru accepts your kill.
You hit the fire elemental.
The fire elemental is lightly damaged.
The fire elemental hits you. The fire elemental burns you!
You hit the fire elemental but do no damage.
The fire elemental is lightly damaged.
You block the fire elemental's attack.
You miss the fire elemental.
The fire elemental is lightly damaged.
The fire elemental misses you.
You miss the fire elemental.
The fire elemental is lightly damaged.
The fire elemental hits you. The fire elemental burns you!
The deep elf pyromancer casts a spell at you.
The bolt of fire hits the fire elemental.
The fire elemental completely resists.
The bolt of fire misses you.
The tree burns like a torch!
You slash the fire elemental!
The fire elemental is severely damaged.
You are engulfed in blazing flames.
The fire elemental barely misses you.
You closely miss the fire elemental.
The fire elemental is severely damaged.
You are engulfed in blazing flames.
The fire elemental barely misses you.
You are too injured to fight recklessly!
You are too injured to fight recklessly!
You are too injured to fight recklessly!
You hit the fire elemental.
The fire elemental is almost destroyed.
You are engulfed in blazing flames.
The fire elemental misses you.
The deep elf pyromancer casts a spell.
The deep elf pyromancer blinks!
Okay, then.
Unknown command.
You are engulfed in blazing flames.
* * * LOW HITPOINT WARNING * * *
The fire elemental hits you. The fire elemental burns you!
* * * LOW HITPOINT WARNING * * *
The fire elemental closely misses you.
You begin to dig a shaft.
You continue digging a shaft.
You are engulfed in blazing flames.
You die...

#.#.P~.÷....~≈~#.#~≈~....
###.PP..♣♣♣..~≈#|#≈~..♣♣♣
#.....#~~...~.#.~...~~#
#♣...♣#~~~.........~~~#
♣♣.♣♣#≈~~†.......~~~≈#
♣.♣ #≈≈~~~..e..~~~≈≈# ###
♣.♣ #≈≈≈≈~~♣§♣§~≈≈≈≈# ..#
♣.♣ #♣≈≈≈~~♣§§§~≈≈≈♣# ###
♣.♣ #######@#######
..#♣♣.♣♣ #E# ###♣.♣.♣#
§#: #.♣♣♣.# ,.# #.
#♣.♣.♣# ♣# #♣ ♣♣.♣♣
####.########
#.........#..
##<......<..


You could see a deep elf pyromancer and a fire elemental (summoned).

Vanquished Creatures
  2 orc knights (Bailey)
  2 manticores (D:8)
  Maggie (D:8)
  Prince Ribbit (D:8)
  A wyvern (D:6)
  A basilisk (D:8)
  4 vampire mosquitoes (D:8)
  A steam dragon (D:8)
  Edmund (D:6)
  Menkaure (D:6)
  An orc warrior (Bailey)
  A black bear (D:5)
  5 centaurs
  8 kobold brigands
  A phantom (D:6)
  A scorpion (D:5)
  4 bullfrogs
  7 wights
  A killer bee (D:8)
  2 howler monkeys (D:7)
  An electric eel (D:8)
  3 hounds
  3 orc priests (D:7)
  A jelly (D:8)
  Jessica (D:3)
  2 sleepcaps (D:5)
  6 iguanas
  2 orc wizards (D:7)
  Robin (D:4)
  6 adders
  4 gnolls
  3 worms
  A dart slug (D:2)
  8 orcs
  2 bats (D:2)
  3 endoplasms
  4 giant cockroaches
  22 goblins
  10 hobgoblins
  3 jackals (D:1)
  25 kobolds
  3 quokkas
  9 ball pythons
  2 frilled lizards
  6 rats
177 creatures vanquished.

Notes
Turn   | Place    | Note
-------+----------+-------------------------------------------
     0 | D:1      | Flugkiller the Formicid Fighter began the quest for the
                  | Orb.
     0 | D:1      | Reached XP level 1. HP: 18/18 MP: 1/1
   180 | D:1      | Reached XP level 2. HP: 24/24 MP: 2/2
   313 | D:1      | Reached XP level 3. HP: 25/29 MP: 3/3
   732 | D:2      | Reached skill level 3 in Axes
   742 | D:2      | Found a faded altar of an unknown god.
   755 | D:2      | Reached XP level 4. HP: 28/37 MP: 4/4
  1581 | D:3      | Noticed Jessica
  1585 | D:3      | Killed Jessica
  1586 | D:3      | Reached XP level 5. HP: 39/42 MP: 5/5
  1603 | D:3      | Got an exquisite book
  1896 | D:3      | HP: 1/42 [gnoll/+0 whip (3)]
  1898 | D:3      | Reached skill level 4 in Axes
  2263 | D:4      | Noticed Robin
  2271 | D:4      | Killed Robin
  2272 | D:4      | Reached XP level 6. HP: 41/49 MP: 6/6
  2810 | D:5      | Entered Level 5 of the Dungeon
  2828 | D:5      | Noticed a black bear
  2837 | D:5      | Killed a black bear
  3048 | D:5      | Reached skill level 5 in Axes
  3148 | D:5      | Reached XP level 7. HP: 28/55 MP: 7/7
  3296 | D:5      | Reached skill level 5 in Fighting
  3296 | D:5      | Reached skill level 5 in Armour
  3813 | D:6      | Found Nemal's Distillery.
  3817 | D:6      | Bought a potion of curing for 39 gold pieces
  3817 | D:6      | Bought a potion of invisibility for 104 gold pieces
  3846 | D:6      | Noticed a wyvern
  3863 | D:6      | Killed a wyvern
  3864 | D:6      | Reached skill level 6 in Axes
  3993 | D:6      | Reached XP level 8. HP: 54/63 MP: 8/8
  4180 | D:6      | Found Meprien's Jewellery Emporium.
  4203 | D:6      | Noticed Edmund
  4210 | D:6      | Killed Edmund
  4315 | D:6      | Found Rumeofel's Magic Scroll Boutique.
  4371 | D:6      | Bought a scroll of revelation for 82 gold pieces
  4418 | D:6      | Found Esing's Book Shop.
  4439 | D:6      | Noticed Menkaure
  4448 | D:6      | Reached skill level 7 in Axes
  4450 | D:6      | Killed Menkaure
  4787 | D:6      | Reached XP level 9. HP: 54/67 MP: 9/9
  4887 | D:7      | Reached skill level 8 in Axes
  4920 | D:7      | Identified the +0 robe of the Trees {Str-5 Int+2 Dex+5}
  5083 | D:7      | Found a staircase to the Ecumenical Temple.
  5093 | Temple   | Entered the Ecumenical Temple
  5114 | Temple   | Became a worshipper of Warmaster Okawaru
  5172 | D:7      | Identified the +4 spear "Luasar" {freeze, rPois}
  5346 | D:7      | Found a hazy altar of Hepliaklqana.
  5347 | D:7      | Found a shimmering altar of Xom.
  5348 | D:7      | Noticed a spectral ugly thing
  5570 | D:7      | Found a glowing silver altar of Zin.
  5570 | D:7      | Found an opulent altar of Gozag.
  5684 | D:8      | Reached skill level 9 in Axes
  5708 | D:8      | Noticed Prince Ribbit
  5734 | D:8      | Killed Prince Ribbit
  5734 | D:8      | Reached * piety under Okawaru
  5735 | D:8      | Reached skill level 1 in Invocations
  5771 | D:8      | Reached XP level 10. HP: 59/80 MP: 11/11
  5920 | D:8      | Noticed a manticore
  5938 | D:8      | Killed a manticore
  5939 | D:8      | Reached skill level 10 in Axes
  6110 | D:8      | Noticed a manticore
  6115 | D:8      | Killed a manticore
  6115 | D:8      | Reached ** piety under Okawaru
  6131 | D:8      | Found a flagged portal.
  6134 | D:8      | Noticed Maggie
  6139 | Bailey   | Entered a bailey
  6352 | Bailey   | Noticed an orc knight
  6389 | Bailey   | Killed an orc knight
  6470 | Bailey   | Noticed an orc knight
  6498 | Bailey   | Killed an orc knight
  6499 | Bailey   | Reached XP level 11. HP: 8/87 MP: 12/14
  6588 | Bailey   | Found a bloodstained altar of Trog.
  6640 | D:8      | Killed Maggie
  6641 | D:8      | Reached skill level 11 in Axes
  6641 | D:8      | Reached skill level 5 in Invocations
  6747 | D:8      | Noticed a deep elf pyromancer
  6768 | D:8      | Engulfed by a deep elf pyromancer's flame

Illustrated notes

Levels and vault maps discovered:
D:1:      amcnicky_arrival_wind_blow, layout_basic, minmay_3d_cube
D:2:      layout_basic, nicolae_ecumenical_snake_handling
D:3:      layout_basic, kennysheep_jessica_study
D:4:      minmay_angry_zag, layout_loops_ring, uniq_robin
D:5:      layout_loops_ring
D:6:      minmay_spotlight, layout_loops_corners, serial_shops,
          nicolae_shop_peninsula, nicolae_shop_waterfront, shop,
          nicolae_shop_crystal, uniq_edmund, uniq_menkaure
D:7:      layout_loops_ring, regret_index_temple_of_mockery,
          grunt_temple_overflow_gold_and_silver, temple_green,
          supply_closet_lemuel
D:8:      nzn_winding_woodlands_large [nzn_winding_woodlands_5x5_cross,
          nzn_winding_woodlands_5x15_garden,
          nzn_winding_woodlands_5x5_closed_star,
          nzn_winding_woodlands_center_lodge,
          nzn_winding_woodlands_15x15_eel_pit,
          nzn_winding_woodlands_center_diamonds,
          nzn_winding_woodlands_5x5_perimeter,
          nzn_winding_woodlands_5x15_zeroes,
          nzn_winding_woodlands_5x5_checkerboard], layout_loops_ring,
          nicolae_ru_the_path_less_chosen, enter_bailey_3, uniq_maggie,
          uniq_prince_ribbit1, uniq_joseph
Temple:   dpeg_chambers_temple

Skill      XL: |  1  2  3  4  5  6  7  8  9 10 11 |
---------------+----------------------------------+-----
Axes           | 3 4 5 6 7 9 10 11 | 11.1
Fighting       | 4 5 6 7 8 9 |  9.1
Armour         | 4 5 6 7 8 9 |  9.1
Invocations    | 1 4 5 |  5.2
Shields        | |  4.0

Action                     |  1- 3 |  4- 6 |  7- 9 | 10-12 || total
---------------------------+-------+-------+-------+-------++-------
  Melee: War axe           |    85 |   120 |       |       ||   205
         Broad axe         |       |    14 |   203 |   159 ||   376
 Invoke: Heroism           |       |       |       |     5 ||     5
Ability: Shaft Self        |       |       |       |     1 ||     1
    Use: Scroll            |       |     7 |     7 |       ||    14
         Potion            |       |       |     1 |     3 ||     4
 Armour: Scale mail        |    67 |   102 |    14 |       ||   183
         Chain mail        |       |       |   198 |   133 ||   331
         Skin              |       |       |       |    27 ||    27
  Dodge: Dodged            |    39 |    57 |   102 |    55 ||   253
  Block: Buckler           |    27 |    34 |    46 |    45 ||   152

Table legend: (Time is in decaauts)
 A = Elapsed time spent in this place.
 B = Non-inter-level travel time spent in this place.
 C = Inter-level travel time spent in this place.
 D = Time resting spent in this place.
 E = Time spent auto-exploring this place.
 F = Levels seen in this place.
 G = Mean time per level.
                   A        B        C        D        E       F      G
               +--------+--------+--------+--------+--------+-----+--------+
         Total |   6907 |   6716 |    191 |    832 |   4310 |  10 |  690.7 |
       Dungeon |   6383 |   6232 |    151 |    596 |   4225 |   8 |  797.9 |
        Temple |     42 |      2 |     40 |      0 |      0 |   1 |   42.0 |
        Bailey |    481 |    481 |      0 |    236 |     84 |   1 |  481.0 |
               +--------+--------+--------+--------+--------+-----+--------+

Top non-repeatable levels by time:
     D:6: 1224 daAuts
     D:3: 864 daAuts
     D:5: 829 daAuts
     D:7: 815 daAuts
     D:4: 777 daAuts
     D:1: 720 daAuts
     D:8: 627 daAuts
     D:2: 524 daAuts
  Bailey: 481 daAuts
  Temple: 42 daAuts
